 Dungeon Crawl Stone Soup version 0.17.0-26-gececa24 (console) character file.

210 gw the Cudgeler (level 5, 47/47 HPs)
             Began as a Minotaur Abyssal Knight on Nov 20, 2015.
             Was a Believer of Lugonu.
             Starved to death
             ... on level 3 of the Dungeon.
             The game lasted 00:06:21 (3041 turns).

gw the Cudgeler (Minotaur Abyssal Knight)           Turns: 3041, Time: 00:06:21

Health: 47/47      AC:  8    Str: 16    XL:     5   Next: 57%
Magic:  5/5        EV: 10    Int:  9    God:    Lugonu [**....]
Gold:   123        SH:  0    Dex:  9    Spells: 0 memorised, 4 levels left

rFire  . . .     SeeInvis .     a - +2 mace
rCold  . . .     Clarity  .     d - +0 ring mail
rNeg   . . .     SustAt   .     (no shield)
rPois  .         Gourm    .     (helmet restricted)
rElec  .         Spirit   .     (no cloak)
rCorr  .         Warding  .     m - +1 pair of gloves
rMut   .         Stasis   .     (no boots)
MR     ++...                    (no amulet)
Stlth  ..........               k - -2 ring of dexterity (curse)
                                j - ring of protection from magic

@: fainting, very resistant to hostile enchantments, extremely unstealthy
A: retaliatory headbutt, horns 2, low mp 1, magic resistance 1, sense
surroundings 1
a: Depart the Abyss, Bend Space, Renounce Religion


You were on level 3 of the Dungeon.
You worshipped Lugonu.
Lugonu was pleased with you.
You were fainting.

You visited 1 branch of the dungeon, and saw 3 of its levels.
You visited the Abyss 1 time.

You collected 123 gold pieces.

Inventory:

Hand Weapons
 a - a +2 mace (weapon)
Missiles
 e - 33 stones (quivered)
Armour
 d - a +0 ring mail (worn)
 m - a +1 pair of gloves (worn)
Jewellery
 j - a ring of protection from magic (left hand)
 k - a cursed -2 ring of dexterity (right hand)
Scrolls
 f - a scroll of remove curse
 h - 2 scrolls of identify
Potions
 g - a potion of cancellation
 l - a potion of flight {unknown}
 n - a potion of might {unknown}
 p - a potion of agility {unknown}
Comestibles
 b - 3 meat rations
 c - 3 bread rations


   Skills:
 + Level 4.4 Fighting
 * Level 4.9 Maces & Flails
 + Level 1.5 Throwing
 + Level 3.7 Armour
 - Level 1.1 Dodging
 + Level 2.6 Invocations


You had 4 spell levels left.
You didn't know any spells.

Dungeon Overview and Level Annotations

Branches:
Dungeon (3/15)

Altars:
Trog
The Shining One


Innate Abilities, Weirdness & Mutations

You reflexively headbutt those who attack you in melee.
You have a pair of horns on your head.
Your magical capacity is low (-10% MP).
You are resistant to hostile enchantments.
You passively map a small area around you.


Message History

You see here a rat skeleton {inedible}.
ATTACK MOVE TO (-1,0) ATTACK MOVE TO (0,-1)
You see here a rat skeleton {inedible}.
ATTACK MOVE TO (-1,0) ATTACK MOVE TO (0,-1)
You see here a rat skeleton {inedible}.
ATTACK MOVE TO (-1,0) ATTACK MOVE TO (0,-1)
You see here a rat skeleton {inedible}.
ATTACK MOVE TO (-1,0) ATTACK MOVE TO (0,-1)
You see here a rat skeleton {inedible}.
ATTACK MOVE TO (-1,0) ATTACK MOVE TO (0,-1) ATTACK MOVE TO (-1,0) ATTACK MOVE TO (0,-1) ATTACK MOVE TO (-1,0)
You have starved to death.
You die...

, ####### .....**#...##
* * ###)..###.....+
+...'. *
##).....)##,...# #...##
, * #(..._....#
*#.###...#
##.........####....####
*
#....###....#......####
#...##y##...#.........#
,
#....###....#.........#
,#......H....#.........#
##.........##.........#
, ##.......##..........#
,####.####.......+#### ,
,,, #.##.........+ ## ,
, #............# .. *
##...........# .#
####+######## # ,#


You could see a moth of wrath.

Table legend:
 A = Turns spent in this place as a percentage of turns spent in the entire game.
 B = Non-inter-level travel turns spent in this place as a percentage of non-inter-level travel turns spent in the entire game.
 C = Inter-level travel turns spent in this place as a percentage of turns spent in this place.
 D = Turns resting spent in this place as a percentage of non-inter-level travel turns spent in this place.
 E = Turns spent auto-exploring this place as a percentage of non-inter-level travel turns spent in this place.
 F = Non-inter-level travel turns spent in this place divided by the number of levels of this place that you've seen.
                   A       B       C       D       E      F
               +-------+-------+-------+-------+-------+----------------------
         Total | 100.0 | 100.0 |   0.4 |   0.4 |   1.6 | 1518.5
       Dungeon |  99.9 |  99.9 |   0.4 |   0.4 |   1.6 | 2023.0
         Abyss |   0.1 |   0.1 |   0.0 |   0.0 |   0.0 |   5.0
               +-------+-------+-------+-------+-------+----------------------

Table legend:
 A = Kills in this place as a percentage of kills in entire the game.
 B = Kills by you in this place as a percentage of kills by you in the entire game.
 C = Kills by friends in this place as a percentage of kills by friends in the entire game.
 D = Other kills in this place as a percentage of other kills in the entire game.
 E = Experience gained in this place as a percentage of experience gained in the entire game.
 F = Experience gained in this place divided by the number of levels of this place that you have seen.
                   A       B       C       D       E      F
               +-------+-------+-------+-------+-------+----------------------
         Total | 100.0 | 100.0 |  -nan |  -nan | 100.0 |  75.2
       Dungeon | 100.0 | 100.0 |  -nan |  -nan | 100.0 | 100.3
               +-------+-------+-------+-------+-------+----------------------

Vanquished Creatures
  2 giant frogs (D:3)
  A hound skeleton (D:3)
  An adder (D:2)
  3 worms
  2 giant geckos (D:3)
  2 ball pythons
  3 goblins (D:2)
  8 hobgoblins
  4 kobolds
  A quokka (D:3)
  A ball python skeleton (D:3)
  11 bats
  2 giant cockroaches
  A giant newt (D:1)
  7 rats
49 creatures vanquished.

Notes
Turn   | Place    | Note
--------------------------------------------------------------
     0 | Abyss:1  | gw the Minotaur Abyssal Knight began the quest for the Orb.
     0 | Abyss:1  | Reached XP level 1. HP: 19/19 MP: 1/1
     2 | D:1      | Escaped the Abyss
   431 | D:1      | Reached XP level 2. HP: 27/27 MP: 2/2
   889 | D:1      | Gained mutation: You passively map a small area around you. [potion of mutation]
   889 | D:1      | Gained mutation: Your magical capacity is low (-10% MP). [potion of mutation]
   889 | D:1      | Gained mutation: You are resistant to hostile enchantments. [potion of mutation]
  1007 | D:2      | Found a glowing golden altar of the Shining One.
  1206 | D:2      | Reached XP level 3. HP: 33/33 MP: 3/3
  1808 | D:3      | Reached ** piety under Lugonu
  2230 | D:3      | Reached skill level 4 in Maces & Flails
  2296 | D:3      | Reached XP level 4. HP: 40/40 MP: 4/4
  2337 | D:3      | Noticed a giant frog
  2413 | D:3      | Killed a giant frog
  2413 | D:3      | Reached skill level 1 in Throwing
  2446 | D:3      | Noticed a giant frog
  2458 | D:3      | Killed a giant frog
  2458 | D:3      | Reached XP level 5. HP: 34/47 MP: 3/5
  2600 | D:3      | Noticed a moth of wrath
  2603 | D:3      | Found a bloodstained altar of Trog.
  3041 | D:3      | Starved to death

Action                   |  1- 3 |  4- 6 || total
-------------------------+-------+-------++-------
Melee: Mace              |    80 |    28 ||   108
Throw: Stone             |   123 |    24 ||   147
Invok: Bend Space        |       |     5 ||     5
  Use: Scroll            |     7 |     1 ||     8
       Potion            |     4 |       ||     4
  Eat: Chunk             |     4 |       ||     4

Vault maps used:
D:1:      saegor_arrival_under_anarchy
D:2:      nicolae_overflow_crystal_walls
D:3:      wad_river_or_something, tgw_trog, led_sif_pool, minmay_liquid_box
